 Dungeon Crawl Stone Soup version 0.29-a0-575-g0dc89cf053 (webtiles) character file.

Game seed: 5714627067785437780

2267 spaghetti the Magician (level 9, -7/61 (68) HPs)
             Began as a Gnoll Wanderer on June 13, 2022.
             Mangled by a wight
             ... wielding a +3 trident
              (9 damage)
             ... on level 6 of the Dungeon.
             The game lasted 00:10:04 (6532 turns).

spaghetti the Magician (Gnoll Wanderer)             Turns: 6532, Time: 00:10:05

HP:   -7/61 (68)    AC: 12    Str: 13    XL:     9   Next: 38%
MP:   18/18         EV: 13    Int: 14    God:
Gold: 240           SH:  0    Dex: 12    Spells: 17/21 levels left

rFire   . . .      SeeInvis .   a - +1 hand crossbow {crossbow}
rCold   . . .      Faith    .   (no shield)
rNeg    . . .      Spirit   .   c - +0 leather armour
rPois   .          Reflect  .   t - +2 hat
rElec   .          Harm     .   (no cloak)
rCorr   .          Rampage  .   C - +0 pair of gloves
Will    .....                   u - +0 pair of boots
Stlth   ++........              w - amulet of the acrobat
HPRegen 0.20/turn               f - ring of wizardry
MPRegen 0.16/turn               h - +4 ring of protection

@: heavily drained
A: fangs 1, strong nose, distributed training
a: no special abilities


You were on level 6 of the Dungeon.
You visited 1 branch of the dungeon, and saw 6 of its levels.

You collected 240 gold pieces.


Innate Abilities, Weirdness & Mutations

You have very sharp teeth.
Your uncanny sense of smell can sniff out nearby items.
Your experience applies equally to all skills.


   Skills:
 + Level 5.0 Fighting
 + Level 4.2 Short Blades
 + Level 4.2 Long Blades
 + Level 4.2 Axes
 + Level 4.2 Maces & Flails
 + Level 4.2 Polearms
 + Level 4.2 Staves
 + Level 4.2 Slings
 + Level 4.2 Bows
 + Level 5.0 Crossbows
 + Level 5.0 Throwing
 + Level 5.0 Armour
 + Level 5.0 Dodging
 + Level 4.2 Stealth
 + Level 4.2 Shields
 + Level 4.2 Unarmed Combat
 + Level 6.6 Spellcasting
 + Level 3.4 Conjurations
 + Level 3.4 Hexes
 + Level 3.4 Summonings
 + Level 6.5 Necromancy
 + Level 3.4 Translocations
 + Level 3.4 Transmutations
 + Level 3.4 Fire Magic
 + Level 3.4 Ice Magic
 + Level 3.4 Air Magic
 + Level 3.4 Earth Magic
 + Level 3.4 Poison Magic
 + Level 4.6 Invocations
 + Level 4.2 Evocations


You had 17 spell levels left.
You knew the following spells:

 Your Spells              Type           Power      Damage    Failure   Level
a - Necrotize             Necr           88%        1d8       1%          1
b - Vampiric Draining     Necr           22%        2d7       1%          3

Your spell library contained the following spells:

 Spells                   Type           Power      Damage    Failure   Level
 Corpse Rot               Necr/Pois/Air  17%        N/A       12%         4
 Animate Armour           Summ/Erth      28%        N/A       17%         4
 Blade Hands              Tmut           7%         N/A       43%         5
 Iron Shot                Conj/Erth      7%         9d2       92%         6

Inventory:

Hand Weapons
 a - a +1 hand crossbow (weapon) {crossbow}
 D - a +1 vorpal spear {polearm}
   (You took it off a gnoll on level 4 of the Dungeon)
 H - a +1 antimagic rapier {short}
   (You took it off Eustachio on level 4 of the Dungeon)
Missiles
 e - 14 poisoned darts {throwing}
 l - 6 javelins {throwing}
 n - 68 stones {throwing}
 p - a throwing net {=f!fthrowing}
 F - 4 boomerangs {throwing}
 G - 6 atropa-tipped darts {throwing}
Armour
 c - a +0 leather armour (worn)
 t - a +2 hat (worn)
   (You found it on level 2 of the Dungeon)
 u - a +0 pair of boots (worn)
   (You found it on level 2 of the Dungeon)
 C - a +0 pair of gloves (worn)
   (You found it on level 3 of the Dungeon)
Jewellery
 f - a ring of wizardry (left hand)
   (You found it on level 1 of the Dungeon)
 h - a +4 ring of protection (right hand)
   (You found it on level 1 of the Dungeon)
 m - a +6 ring of strength
   (You found it on level 1 of the Dungeon)
 o - a ring of fire
   (You found it on level 1 of the Dungeon)
 w - an amulet of the acrobat (around neck)
   (You found it on level 3 of the Dungeon)
Wands
 B - a wand of polymorph (5)
   (You took it off Jessica on level 3 of the Dungeon)
 I - a wand of digging (7)
   (You took it off Duvessa on level 4 of the Dungeon)
Scrolls
 b - 2 scrolls of fog
 d - 3 scrolls of vulnerability {!r!r}
 i - 2 scrolls of teleportation {@r4}
 s - a scroll of summoning
 y - a scroll of fear
 E - a scroll of blinking {!r}
Potions
 g - a potion of attraction {!q}
 j - a potion of might {unknown}
 k - a potion of degeneration {unknown}
 q - a potion of flight {unknown}
 r - a potion of mutation {unknown}
 x - 2 potions of haste {unknown}
 z - a potion of lignification {unknown}
 A - a potion of magic {unknown}
 J - a potion of heal wounds {unknown}

Dungeon Overview and Level Annotations

Branches:
Dungeon (6/15)
 Temple: D:4-7

Altars:
Qazlal

#################
#....+...........
#....#...........
#....#...........
#....#...........
#....#.....z.....
#....#...........
##...##..@).#
#...##.....#
#...#......#
#...'......#
#...#......# ∆
#...#......#
#...#......# ....
#...##....## .....#
#...##....###.....#


You could see a wight.


Message History

Aiming: Throw Flame
Press: ? - help, Shift-Dir - straight line, f/p - wight
Aim: a wight, wielding a +0 dire flail and wearing a +0 robe (moderately damaged, 71% to hit)
The puff of flame hits the wight!
The wight barely misses you.
The wight hits you but does no damage. 😨 HP[+1]
Aiming: Throw Flame
Press: ? - help, Shift-Dir - straight line, f/p - wight
Aim: a wight, wielding a +0 dire flail and wearing a +0 robe (severely damaged, 71% to hit)
The puff of flame hits the wight but does no damage.
The wight misses you. The wight completely misses you.
Aiming: Throw Flame
Press: ? - help, Shift-Dir - straight line, f/p - wight
Aim: a wight, wielding a +0 dire flail and wearing a +0 robe (severely damaged, 71% to hit)
The puff of flame hits the wight.
The wight hits you with a +0 dire flail!
* * * LOW HITPOINT WARNING * * *
You feel drained.
* * * LOW HITPOINT WARNING * * *
The wight barely misses you. 😨 HP[-14]
You now have 64 max hp (-2).
You take 14 damage, and now have 19/64 hp.
MASSIVE DAMAGE!! (PAUSE)
Aiming: Throw Flame
Press: ? - help, Shift-Dir - straight line, f/p - wight
Aim: a wight, wielding a +0 dire flail and wearing a +0 robe (almost destroyed, 71% to hit)
The puff of flame hits the wight.
You destroy the wight!
The wight barely misses you.
You now have 65 max hp (+1).
Aiming: Throw Flame
Press: ? - help, Shift-Dir - straight line, f - wight
Aim: a wight, wielding a +3 trident and wearing a +0 robe (lightly damaged, 71% to hit)
The puff of flame hits the wight but does no damage.
The wight closely misses you.
Aiming: Throw Flame
Press: ? - help, Shift-Dir - straight line, f/p - wight
Aim: a wight, wielding a +3 trident and wearing a +0 robe (lightly damaged, 71% to hit)
The puff of flame hits the wight.
The wight misses you. 😨 HP[+1]
Aiming: Throw Flame
Press: ? - help, Shift-Dir - straight line, f/p - wight
Aim: a wight, wielding a +3 trident and wearing a +0 robe (heavily damaged, 71% to hit)
The puff of flame hits the wight.
The now-empty wand crumbles to dust.
The wight hits you from afar with a +3 trident!
* * * LOW HITPOINT WARNING * * *
You feel drained.
* * * LOW HITPOINT WARNING * * *
😱 HP[-10]
You now have 63 max hp (-2).
You take 10 damage, and now have 10/63 hp.
No previous command to re-do.
Unknown command.
No previous command to re-do.
You don't have any such object.
Evoke which item? (* to show all) (? for menu, Esc to quit)
You don't have any such object.
Evoke which item? (* to show all) (? for menu, Esc to quit)
That's the wrong kind of item! (Use * to select it.) Evoke which item? (* to show all) (? for menu, Esc to quit)
Okay, then.
Shoot: a) +1 hand crossbow {crossbow}
Press: ? - help, Q - select action, (/) - cycle Shift-Dir - straight line, f/p - wight
Aim: a wight, wielding a +3 trident and wearing a +0 robe (almost destroyed, 64% to hit)
You shoot a bolt. The bolt barely misses the wight.
The wight hits you from afar with a +3 trident.
* * * LOW HITPOINT WARNING * * *
The wight hits you from afar with a +3 trident.
* * * LOW HITPOINT WARNING * * *
You feel drained. 😱 HP[-7]
You now have 62 max hp (-1).
You take 7 damage, and now have 3/62 hp.
Shoot: a) +1 hand crossbow {crossbow}
Press: ? - help, Q - select action, (/) - cycle Shift-Dir - straight line, f/p - wight
Aim: a wight, wielding a +3 trident and wearing a +0 robe (almost destroyed, 64% to hit)
You shoot a bolt. The bolt closely misses the wight.
The wight hits you but does no damage.
Shoot: a) +1 hand crossbow {crossbow}
Press: ? - help, Q - select action, (/) - cycle Shift-Dir - straight line, f/p - wight
Aim: a wight, wielding a +3 trident and wearing a +0 robe (almost destroyed, 64% to hit)
You shoot a bolt. The bolt barely misses the wight.
The wight hits you from afar with a +3 trident.
* * * LOW HITPOINT WARNING * * *
You feel drained. 😱 HP[-1]
You now have 61 max hp (-1).
Shoot: a) +1 hand crossbow {crossbow}
Press: ? - help, Q - select action, (/) - cycle Shift-Dir - straight line, f/p - wight
Aim: a wight, wielding a +3 trident and wearing a +0 robe (almost destroyed, 64% to hit)
You shoot a bolt.
The bolt hits the wight but does no damage.
The wight hits you but does no damage.
Shoot: a) +1 hand crossbow {crossbow}
Press: ? - help, Q - select action, (/) - cycle Shift-Dir - straight line, f/p - wight
Aim: a wight, wielding a +3 trident and wearing a +0 robe (almost destroyed, 64% to hit)
You shoot a bolt. The bolt hits the wight.
The wight hits you from afar with a +3 trident!
You die...

Skill      XL: |  1  2  3  4  5  6  7  8  9 |
---------------+----------------------------+-----
Spellcasting   | 5 6 |  6.6
Invocations    | 1 2 3 4 |  4.6
Short Blades   | 1 2 3 4 |  4.2
Long Blades    | 1 2 3 4 |  4.2
Axes           | 1 2 3 4 |  4.2
Maces & Flails | 1 2 3 4 |  4.2
Polearms       | 1 2 3 4 |  4.2
Staves         | 1 2 3 4 |  4.2
Slings         | 1 2 3 4 |  4.2
Bows           | 1 2 3 4 |  4.2
Stealth        | 1 2 3 4 |  4.2
Shields        | 1 2 3 4 |  4.2
Unarmed Combat | 1 2 3 4 |  4.2
Evocations     | 1 2 3 4 |  4.2
Conjurations   | 1 2 3 |  3.4
Hexes          | 1 2 3 |  3.4
Summonings     | 1 2 3 |  3.4
Translocations | 1 2 3 |  3.4
Transmutations | 1 2 3 |  3.4
Fire Magic     | 1 2 3 |  3.4
Ice Magic      | 1 2 3 |  3.4
Air Magic      | 1 2 3 |  3.4
Earth Magic    | 1 2 3 |  3.4
Poison Magic   | 1 2 3 |  3.4
Fighting       | 3 4 5 |  5.0
Crossbows      | 3 4 5 |  5.0
Throwing       | 3 4 5 |  5.0
Armour         | 3 4 5 |  5.0
Dodging        | 3 4 5 |  5.0
Necromancy     | 6 |  6.5

Action                   |  1- 3 |  4- 6 |  7- 9 || total
-------------------------+-------+-------+-------++-------
Melee: Rapier            |       |       |     8 ||     8
       Bite              |       |       |     2 ||     2
       Punch             |       |       |     1 ||     1
       Hand crossbow     |       |       |     1 ||     1
 Fire: Hand crossbow     |    39 |   190 |   218 ||   447
 Cast: Necrotize         |    19 |    70 |    41 ||   130
       Vampiric Draining |       |     4 |    16 ||    20
Evoke: Wand              |       |       |    18 ||    18
  Use: Scroll            |       |     2 |     8 ||    10
 Stab: Paralysed         |       |       |     8 ||     8
Armor: Leather armour    |     6 |    88 |    80 ||   174
Dodge: Dodged            |    33 |   155 |   139 ||   327

Levels and vault maps discovered:
D:1:      onia_arrival_mini_spirals, layout_basic, nrook_mini_backslash,
          amcnicky_mini_rare_corridor_liquid, minivault_4
D:2:      layout_loops_ring, serial_bayou_pond_c, uniq_natasha
D:3:      layout_basic, dreamdust_ecumenical_altar_sealed_demon, uniq_jessica,
          uniq_robin
D:4:      nicolae_BIG_FREAKIN_CUBE, layout_rooms,
          nicolae_qazlal_eye_of_the_storm, uniq_duvessa, uniq_eustachio,
          uniq_blork_the_orc
D:5:      layout_loops_ring, nicolae_ossuary_entry_giza,
          minmay_misc_feat_enclosed, uniq_menkaure, uniq_sigmund
D:6:      layout_gridville, minmay_temple_entry_junction, minivault_4

Notes
Turn   | Place    | Note
-------+----------+-------------------------------------------
     0 | D:1      | spaghetti the Gnoll Wanderer began the quest for the Orb.
     0 | D:1      | spaghetti set off with the following items: a +1 hand
                  | crossbow {crossbow}, a scroll of fog, a +0 leather armour;
                  | and the following spell memorised: Necrotize; and the
                  | following spells available to memorise: Vampiric Draining,
                  | Corpse Rot
     0 | D:1      | Reached XP level 1. HP: 17/17 MP: 6/6
     0 | D:1      | magus.rc [v1.9.6]
   228 | D:1      | Reached XP level 2. HP: 16/23 MP: 1/7
   835 | D:2      | Reached skill level 5 in Spellcasting
   835 | D:2      | Reached XP level 3. HP: 25/28 MP: 4/9
   840 | D:2      | Reached skill level 1 in Invocations
   866 | D:2      | Reached skill level 1 in Short Blades
   866 | D:2      | Reached skill level 1 in Long Blades
   866 | D:2      | Reached skill level 1 in Axes
   866 | D:2      | Reached skill level 1 in Maces & Flails
   866 | D:2      | Reached skill level 1 in Polearms
   866 | D:2      | Reached skill level 1 in Staves
   866 | D:2      | Reached skill level 1 in Slings
   866 | D:2      | Reached skill level 1 in Bows
   866 | D:2      | Reached skill level 1 in Stealth
   866 | D:2      | Reached skill level 1 in Shields
   866 | D:2      | Reached skill level 1 in Unarmed Combat
   866 | D:2      | Reached skill level 1 in Evocations
   872 | D:2      | Reached XP level 4. HP: 19/34 MP: 1/11
  1056 | D:2      | Reached skill level 1 in Conjurations
  1056 | D:2      | Reached skill level 1 in Hexes
  1056 | D:2      | Reached skill level 1 in Summonings
  1056 | D:2      | Reached skill level 1 in Translocations
  1056 | D:2      | Reached skill level 1 in Transmutations
  1056 | D:2      | Reached skill level 1 in Fire Magic
  1056 | D:2      | Reached skill level 1 in Ice Magic
  1056 | D:2      | Reached skill level 1 in Air Magic
  1056 | D:2      | Reached skill level 1 in Earth Magic
  1056 | D:2      | Reached skill level 1 in Poison Magic
  1291 | D:2      | Noticed Natasha
  1294 | D:2      | Killed Natasha
  1295 | D:2      | Reached XP level 5. HP: 40/40 MP: 12/12
  1338 | D:2      | Noticed Natasha
  1347 | D:2      | Killed Natasha
  1348 | D:2      | Reached skill level 3 in Fighting
  1348 | D:2      | Reached skill level 3 in Crossbows
  1348 | D:2      | Reached skill level 3 in Throwing
  1348 | D:2      | Reached skill level 3 in Armour
  1348 | D:2      | Reached skill level 3 in Dodging
  1562 | D:2      | Noticed Natasha
  1565 | D:2      | Killed Natasha
  2348 | D:3      | Reached skill level 2 in Invocations
  2348 | D:3      | Reached XP level 6. HP: 47/47 MP: 13/13
  2510 | D:3      | Found a faded altar of an unknown god.
  2510 | D:3      | Noticed a ynoxinul
  2510 | D:3      | Noticed Robin
  2524 | D:3      | Killed Robin
  2870 | D:3      | Noticed Jessica
  2875 | D:3      | Killed Jessica
  3199 | D:3      | Reached skill level 2 in Short Blades
  3199 | D:3      | Reached skill level 2 in Long Blades
  3199 | D:3      | Reached skill level 2 in Axes
  3199 | D:3      | Reached skill level 2 in Maces & Flails
  3199 | D:3      | Reached skill level 2 in Polearms
  3199 | D:3      | Reached skill level 2 in Staves
  3199 | D:3      | Reached skill level 2 in Slings
  3199 | D:3      | Reached skill level 2 in Bows
  3199 | D:3      | Reached skill level 2 in Stealth
  3199 | D:3      | Reached skill level 2 in Shields
  3199 | D:3      | Reached skill level 2 in Unarmed Combat
  3199 | D:3      | Reached skill level 2 in Evocations
  3695 | D:4      | Noticed Eustachio
  3996 | D:4      | Learned a level 3 spell: Vampiric Draining
  4058 | D:4      | Killed Eustachio
  4059 | D:4      | Reached skill level 2 in Conjurations
  4059 | D:4      | Reached skill level 2 in Hexes
  4059 | D:4      | Reached skill level 2 in Summonings
  4059 | D:4      | Reached skill level 2 in Translocations
  4059 | D:4      | Reached skill level 2 in Transmutations
  4059 | D:4      | Reached skill level 2 in Fire Magic
  4059 | D:4      | Reached skill level 2 in Ice Magic
  4059 | D:4      | Reached skill level 2 in Air Magic
  4059 | D:4      | Reached skill level 2 in Earth Magic
  4059 | D:4      | Reached skill level 2 in Poison Magic
  4059 | D:4      | Reached XP level 7. HP: 31/52 MP: 5/15
  4336 | D:4      | Noticed Dowan
  4342 | D:4      | Killed Dowan
  4343 | D:4      | Noticed Duvessa
  4344 | D:4      | Noticed Blork the orc
  4355 | D:4      | Killed Duvessa
  4356 | D:4      | Reached skill level 3 in Invocations
  4365 | D:4      | Killed Blork the orc
  4742 | D:4      | Found a stormy altar of Qazlal.
  4823 | D:5      | Entered Level 5 of the Dungeon
  4841 | D:5      | Reached skill level 6 in Necromancy
  4841 | D:5      | Reached XP level 8. HP: 49/60 MP: 8/16
  4848 | D:5      | Reached skill level 4 in Fighting
  4848 | D:5      | Reached skill level 4 in Crossbows
  4848 | D:5      | Reached skill level 4 in Throwing
  4848 | D:5      | Reached skill level 4 in Armour
  4848 | D:5      | Reached skill level 4 in Dodging
  4912 | D:5      | Noticed Menkaure
  4918 | D:5      | Killed Menkaure
  4919 | D:5      | Reached skill level 3 in Short Blades
  4919 | D:5      | Reached skill level 3 in Long Blades
  4919 | D:5      | Reached skill level 3 in Axes
  4919 | D:5      | Reached skill level 3 in Maces & Flails
  4919 | D:5      | Reached skill level 3 in Polearms
  4919 | D:5      | Reached skill level 3 in Staves
  4919 | D:5      | Reached skill level 3 in Slings
  4919 | D:5      | Reached skill level 3 in Bows
  4919 | D:5      | Reached skill level 3 in Stealth
  4919 | D:5      | Reached skill level 3 in Shields
  4919 | D:5      | Reached skill level 3 in Unarmed Combat
  4919 | D:5      | Reached skill level 3 in Evocations
  5072 | D:5      | Reached skill level 6 in Spellcasting
  5644 | D:5      | Reached skill level 3 in Conjurations
  5644 | D:5      | Reached skill level 3 in Hexes
  5644 | D:5      | Reached skill level 3 in Summonings
  5644 | D:5      | Reached skill level 3 in Translocations
  5644 | D:5      | Reached skill level 3 in Transmutations
  5644 | D:5      | Reached skill level 3 in Fire Magic
  5644 | D:5      | Reached skill level 3 in Ice Magic
  5644 | D:5      | Reached skill level 3 in Air Magic
  5644 | D:5      | Reached skill level 3 in Earth Magic
  5644 | D:5      | Reached skill level 3 in Poison Magic
  5644 | D:5      | Reached skill level 4 in Invocations
  5744 | D:5      | Noticed Sigmund
  5753 | D:5      | Killed Sigmund
  5754 | D:5      | Reached XP level 9. HP: 65/66 MP: 11/18
  6066 | D:6      | Reached skill level 4 in Short Blades
  6066 | D:6      | Reached skill level 4 in Long Blades
  6066 | D:6      | Reached skill level 4 in Axes
  6066 | D:6      | Reached skill level 4 in Maces & Flails
  6066 | D:6      | Reached skill level 4 in Polearms
  6066 | D:6      | Reached skill level 4 in Staves
  6066 | D:6      | Reached skill level 4 in Slings
  6066 | D:6      | Reached skill level 4 in Bows
  6066 | D:6      | Reached skill level 4 in Stealth
  6066 | D:6      | Reached skill level 4 in Shields
  6066 | D:6      | Reached skill level 4 in Unarmed Combat
  6066 | D:6      | Reached skill level 4 in Evocations
  6469 | D:6      | You pick up a book of Iron and begin reading...
  6469 | D:6      | You add the spells Animate Armour, Blade Hands and Iron
                  | Shot to your library.
  6493 | D:6      | Reached skill level 5 in Fighting
  6493 | D:6      | Reached skill level 5 in Crossbows
  6493 | D:6      | Reached skill level 5 in Throwing
  6493 | D:6      | Reached skill level 5 in Armour
  6493 | D:6      | Reached skill level 5 in Dodging
  6527 | D:6      | HP: 11/65 [wight/+3 trident (9)]
  6528 | D:6      | HP: 4/63 [wight/+3 trident (6)]
  6532 | D:6      | Mangled by a wight

Vanquished Creatures
  Sigmund (D:5)
  Eustachio (D:4)
  Menkaure (D:5)
  Duvessa (D:4)
  2 sky beasts (D:6)
  3 ogres
  Blork the orc (D:4)
  2 necrophages (D:5)
  A scorpion (D:5)
  3 wights (D:6)
  Dowan (D:4)
  A jelly (D:5)
  An orc priest (D:5)
  2 gnoll shamans
  2 hounds
  Jessica (D:3)
  Natasha (thrice) (D:2)
  An orc wizard (D:4)
  A mummy (D:5)
  Robin (D:3)
  24 gnolls
  4 adders
  2 worms
  8 orcs
  3 endoplasms
  A giant cockroach (D:1)
  5 hobgoblins
  10 jackals
  4 kobolds
  5 quokkas
  10 ball pythons
  6 bats
  6 frilled lizards
  10 goblins
  A hobgoblin zombie (D:5)
  An orc zombie (D:5)
  3 rats
133 creatures vanquished.

Vanquished Creatures (collateral kills)
  A centaur (D:6)
  A phantom (D:5)
  2 gnolls
  An orc (D:5)
  A bat (D:2)
  3 goblins (D:3)
  A jackal (D:3)
  A rat (D:2)
11 creatures vanquished.

Vanquished Creatures (others)
  A gnoll (D:6)
  2 demonic plants (D:3)
  7 plants (D:2)
10 creatures vanquished.

Grand Total: 154 creatures vanquished

Table legend:
 A = Non-vault XP
 B = Vault XP
 C = Vault XP percentage of total XP
 D = Non-vault monster count
 E = Vault monster count
 F = Vault count percentage of total count
                 A         B        C        D         E       F
            +---------+---------+-------+---------+---------+-------
      Total |    2216 |    1023 |  31.6 |     127 |      18 |  12.4
            +---------+---------+-------+---------+---------+-------
        D:1 |      23 |       0 |   0.0 |      14 |       0 |   0.0
        D:2 |     234 |      35 |  13.0 |      30 |       1 |   3.2
        D:3 |      93 |      65 |  41.1 |      25 |       8 |  24.2
        D:4 |     194 |     511 |  72.5 |      22 |       4 |  15.4
        D:5 |     858 |     412 |  32.4 |      24 |       5 |  17.2
        D:6 |     814 |       0 |   0.0 |      12 |       0 |   0.0
            +---------+---------+-------+---------+---------+-------

Illustrated notes

Table legend:
 A = Kills in this place as a percentage of kills in entire the game.
 B = Kills by you in this place as a percentage of kills by you in the entire game.
 C = Kills by friends in this place as a percentage of kills by friends in the entire game.
 D = Other kills in this place as a percentage of other kills in the entire game.
 E = Experience gained in this place as a percentage of experience gained in the entire game.
 F = Experience gained in this place divided by the number of levels of this place that you have seen.
                   A       B       C       D       E      F
               +-------+-------+-------+-------+-------+----------------------
         Total | 100.0 | 100.0 | 100.0 | 100.0 | 100.0 | 539.8
       Dungeon | 100.0 | 100.0 | 100.0 | 100.0 | 100.0 | 539.8
               +-------+-------+-------+-------+-------+----------------------

Table legend: (Time is in decaauts)
 A = Elapsed time spent in this place.
 B = Non-inter-level travel time spent in this place.
 C = Inter-level travel time spent in this place.
 D = Time resting spent in this place.
 E = Time spent auto-exploring this place.
 F = Levels seen in this place.
 G = Mean time per level.
                   A        B        C        D        E       F      G
               +--------+--------+--------+--------+--------+-----+--------+
         Total |   6708 |   6497 |    211 |    268 |   5138 |   6 | 1118.0 |
       Dungeon |   6708 |   6497 |    211 |    268 |   5138 |   6 | 1118.0 |
               +--------+--------+--------+--------+--------+-----+--------+

Top non-repeatable levels by time:
     D:3: 1476 daAuts
     D:4: 1455 daAuts
     D:5: 1206 daAuts
     D:2: 1200 daAuts
     D:1: 810 daAuts
     D:6: 558 daAuts
